 Dungeon Crawl Stone Soup version 0.20.0-14-g326068f (webtiles) character file.

54349 mopl the Covert (level 14, -4/106 HPs)
             Began as a Minotaur Assassin on June 7, 2017.
             Was the Champion of Hepliaklqana.
             Slain by an orc warrior
             ... wielding a +0 glaive
              (30 damage)
             ... while paralysed by an orc sorcerer
             ... on level 2 of the Orcish Mines on June 8, 2017.
             The game lasted 01:00:03 (23595 turns).

mopl the Covert (Minotaur Assassin)                Turns: 23595, Time: 01:00:04

Health: -4/106     AC:  6    Str: 17    XL:     14   Next: 34%
Magic:  18/18      EV:  2    Int:  8    God:    Hepliaklqana [******]
Gold:   1340       SH:  0    Dex: 16    Spells: 4/13 levels left

rFire    . . .     SeeInvis .   a - +2 quick blade
rCold    + . .     Gourm    .   l - +0 buckler
rNeg     + + .     Faith    +   P - +0 robe "Nymoxait" {*Drain +Fly rN+ Regen+}
rPois    +         Spirit   .   (helmet restricted)
rElec    .         Reflect  .   d - +0 cloak
rCorr    .         Harm     .   (no gloves)
MR       +....     Clarity  +   N - +2 pair of boots
Stlth    ++++++....             S - amulet of faith {!P}
Regen    0.7/turn               p - ring of positive energy
MPRegen  0.2/turn               s - ring of wizardry

@: paralysed
A: retaliatory headbutt, reduced essence, horns 2, blurry vision 1, clarity,
cold resistance 1, poison resistance
a: Recall Ancestor, Ancestor Identity, Transference, Idealise, Renounce
Religion, Evoke Flight


You were on level 2 of the Orcish Mines.
You worshipped Hepliaklqana.
Hepliaklqana was exalted by your worship.
You were not hungry.

You visited 3 branches of the dungeon, and saw 18 of its levels.
You also visited: Ossuary, Bailey and Ice Cave.

You collected 1575 gold pieces.
You spent 235 gold pieces at shops.

Inventory:

Hand Weapons
 a - a +2 quick blade (weapon)
 b - a +0 blowgun
 i - the +4 Vampire's Tooth {vamp}
   (You acquired it on level 1 of the Lair of Beasts)

   It inflicts no extra harm, but heals its wielder when it wounds a living foe.
 w - a +0 dagger of holy wrath
Missiles
 e - 46 poisoned needles
 f - 2 curare-tipped needles
 n - 12 needles of paralysis
 C - 4 tomahawks
 G - 3 throwing nets
 U - 12 poisoned tomahawks
 V - 67 tomahawks of returning (quivered)
Armour
 d - a +0 cloak (worn)
 l - a +0 buckler (worn)
 D - a +2 robe of resistance
 N - a +2 pair of boots (worn)
 P - the +0 robe "Nymoxait" (worn) {*Drain +Fly rN+ Regen+}
   (You found it on level 8 of the Dungeon)

   It protects you from negative energy.
   It lets you fly.
   It increases your rate of regeneration.
   It causes draining when unequipped.
Jewellery
 h - an uncursed ring of ice
 p - a ring of positive energy (left hand)
 s - a ring of wizardry (right hand)
 I - an uncursed ring of flight
 S - an amulet of faith (around neck) {!P}
Wands
 v - a wand of polymorph (13/24)
 y - a wand of flame (48/48)
 O - a wand of acid (6/15)
 Z - a wand of acid (7/15)
Scrolls
 c - a scroll of immolation {unknown}
 j - 2 scrolls of noise {unknown}
 k - 6 scrolls of teleportation
 o - 14 scrolls of identify
 q - 2 scrolls of enchant armour {unknown}
 t - 4 scrolls of blinking {unknown}
 A - 3 scrolls of fog {unknown}
 E - 2 scrolls of remove curse
 F - 2 scrolls of enchant weapon {unknown}
 H - 3 scrolls of fear {unknown}
 J - a scroll of random uselessness {unknown}
 Q - 6 scrolls of amnesia {unknown}
 R - a scroll of brand weapon {unknown}
Potions
 r - 9 potions of curing
 u - 2 potions of heal wounds
 x - 4 potions of flight
 z - a potion of magic
 B - 3 potions of might
 L - 4 potions of haste
 T - a potion of resistance
 W - 4 potions of mutation {!q}
 X - 5 potions of berserk rage {!q}
 Y - a potion of ambrosia
Miscellaneous
 K - a fan of gales
Comestibles
 g - 13 bread rations
 m - 6 chunks of flesh


   Skills:
 + Level 9.4 Fighting
 + Level 11.6 Short Blades
 + Level 11.1 Throwing
 + Level 8.9 Dodging
 * Level 13.9 Stealth
 - Level 5.7 Shields
 - Level 7.3 Invocations


You had 4 spell levels left.
You knew the following spells:

 Your Spells              Type           Power        Failure   Level  Hunger
a - Apportation           Tloc           #.....       17%         1    ##.....
b - Ensorcelled Hibernat  Hex/Ice        #.....       26%         2    ###....
c - Confuse               Hex            #.......     45%         3    ####...
p - Passwall              Tmut/Erth      #.........   26%         2    ###....
x - Animate Skeleton      Necr           N/A          17%         1    ##.....


Dungeon Overview and Level Annotations

Branches:
Dungeon (10/15)            Temple (0/1) D:6            Lair (6/6) D:9
  Swamp (0/4) Lair:3        Snake (0/4) Lair:3        Slime (0/5) Lair:6
    Orc (2/2) D:10
    Elf: Orc:2

Altars:
Ashenzari
Hepliaklqana
Qazlal
Ru
Vehumet
The Shining One
Jiyva

Shops:
D:8 *   D:9 *   Orc:2 (:

Annotations:
D:6 mcbry's ghost, novice TrCK
D:10 Shinoi's ghost, journeyman DsFi
Lair:6 1 runed door


Innate Abilities, Weirdness & Mutations

You reflexively headbutt those who attack you in melee.
You have a pair of horns on your head.
Your life essence is reduced. (-10% HP)
Scrolls take you a little longer to read.
You possess an exceptional clarity of mind.
Your flesh is cold resistant. (rC+)
Your system is resistant to poisons. (rPois)


Message History

Aylmer hits the orc warrior with a dagger of draining.
The orc warrior hits you with a hand axe of electrocution!
You are electrocuted!
The orc warrior hits Aylmer with a hand axe of electrocution!!
The orc sorcerer hits the fungus but does no damage.
The orc warrior hits Aylmer with a war axe!
The ice devil hits you. The ice devil freezes you! You resist.
Aylmer hits the orc sorcerer but does no damage.
Aylmer drains the orc sorcerer!
The orc warrior hits you with a hand axe of electrocution.
The orc warrior hits Aylmer with a hand axe of electrocution!
Lightning courses through Aylmer!
Aylmer is destroyed!
The orc warrior hits the fungus with a mace!!
The orc sorcerer hits the fungus with a dagger!
The ice devil hits you. The ice devil freezes you. You resist.
The orc warrior hits you with a hand axe of electrocution!!
* * * LOW HITPOINT WARNING * * *
The orc warrior hits you from afar with a glaive!!
You die...

P.................##
.....#.#..#........#
P...#######.......#
.... ##.##.....## .
... #..$#......## ..
#...........##$..
##...............
#...._............
...........@..P.P..
.........#4ooPP....
........##.oOooo...
.........#.4Poo....
....... .........P
#............∩...
... ...........
..........8.


You could see an orc warlord, an orc knight, an orange demon, an ice devil, 2
orc sorcerers, 4 orc warriors and an ogre.

Vanquished Creatures
  A dire elephant (Lair:6)
  The ghost of Dominolapin the Summoner, a journeyman BaIE of Sif Muna (Lair:2)
  2 catoblepae (Lair:6)
  7 hydras
  2 two-headed ogres
  A deep troll shaman (Lair:6)
  3 death yaks
  Urug (Lair:2)
  The ghost of Soyweiser the Covert, a journeyman SpEn of Dithmenos (IceCv)
  2 orc knights
  2 orc sorcerers
  A cyclops (Orc:1)
  2 ugly things
  4 black mambas
  Joseph (D:9)
  2 elephants (Lair:6)
  18 spiny frogs
  5 komodo dragons
  3 rime drakes
  2 trolls (D:10)
  3 polar bears
  10 hippogriffs
  4 dream sheep (Lair:5)
  13 blink frogs
  A spriggan (Lair:3)
  27 yaks
  A wyvern (Lair:3)
  A hungry ghost (D:7)
  2 basilisks (Lair:1)
  2 vampire mosquitoes (Lair:2)
  A steam dragon (D:7)
  15 water moccasins
  2 porcupines
  9 orc warriors
  13 ice beasts
  4 sky beasts
  6 black bears
  13 ogres
  10 wolves
  3 centaurs
  A necrophage (D:6)
  2 phantoms
  10 crocodiles
  An elf zombie (Ossuary)
  7 bullfrogs
  A hexer (D:10)
  3 scorpions
  15 killer bees
  2 electric eels
  A bullfrog zombie (D:7)
  6 centaur zombies
  4 crimson imps
  2 jellies (D:7)
  A human zombie (Ossuary)
  7 orc priests
  A gnoll shaman (D:5)
  A centaur skeleton (D:8)
  2 hounds
  10 orc wizards
  A bullfrog skeleton (D:5)
  3 iguanas
  Ijyb (D:4)
  5 worker ants
  2 big kobold zombies (Ossuary)
  3 hound zombies
  A hound skeleton (D:5)
  3 mummies (Ossuary)
  A worker ant zombie (D:10)
  7 adders
  49 gnolls
  2 shadow imps
  2 oozes
  2 dart slugs
  7 leopard geckos
  36 orcs
  4 giant cockroaches
  9 goblins
  15 hobgoblins
  17 jackals
  13 kobolds
  7 quokkas
  5 bats
  2 frilled lizards (D:1)
  4 goblin zombies (Ossuary)
  2 hobgoblin zombies (Ossuary)
  A jackal zombie (Ossuary)
  2 kobold zombies (Ossuary)
  A leopard gecko skeleton (D:6)
  A leopard gecko zombie (D:7)
  3 orc zombies (Ossuary)
  A quokka skeleton (D:5)
  3 quokka zombies (Ossuary)
  7 rats
  3 rat zombies (Ossuary)
  A butterfly (Lair:4)
  A plant (Lair:2)
505 creatures vanquished.

Vanquished Creatures (collateral kills)
  A hydra (Lair:3)
  A death yak (Lair:5)
  A black mamba (Lair:1)
  A komodo dragon (Lair:6)
  A rime drake (Lair:3)
  2 spiny frogs (Lair:1)
  3 blink frogs
  A dream sheep (Lair:5)
  A hippogriff (Lair:4)
  7 yaks
  A basilisk (Lair:2)
  3 insubstantial wisps (Lair:2)
  A warg (Orc:1)
  5 water moccasins
  A porcupine (Lair:2)
  A swamp drake (Lair:2)
  3 orc warriors
  A sky beast (D:6)
  An ice beast (Lair:6)
  2 ogres
  A phantom (D:4)
  2 wolves (Lair:3)
  2 crocodiles
  2 bullfrogs (Lair:1)
  2 killer bees (D:9)
  2 orc priests
  2 orc wizards
  A bullfrog skeleton (D:8)
  An iguana (D:6)
  A worker ant (D:5)
  A hound zombie (Ossuary)
  10 gnolls
  2 adders (D:6)
  A shadow imp (D:6)
  10 orcs
  3 hobgoblins (Bailey)
  4 jackals (D:5)
  A quokka (D:7)
  A ball python (D:5)
  A goblin zombie (Ossuary)
  A hobgoblin zombie (Ossuary)
  3 jackal zombies (Ossuary)
  A leopard gecko skeleton (D:4)
93 creatures vanquished.

Vanquished Creatures (others)
  2 ancestors (D:5)
  22 hexers
  A fungus (Lair:4)
  3 plants
28 creatures vanquished.

Grand Total: 626 creatures vanquished

Notes
Turn   | Place    | Note
-------+----------+-------------------------------------------
     0 | D:1      | mopl the Minotaur Assassin began the quest for the Orb.
     0 | D:1      | Reached XP level 1. HP: 18/18 MP: 0/0
   187 | D:1      | Reached XP level 2. HP: 15/25 MP: 1/1
  1043 | D:2      | Found a faded altar of an unknown god.
  1049 | D:2      | Reached skill level 1 in Shields
  1060 | D:2      | Became a worshipper of the Shining One
  1060 | D:2      | Reached * piety under the Shining One
  1061 | D:2      | Fell from the grace of the Shining One
  1081 | D:2      | Reached XP level 3. HP: 30/30 MP: 2/2
  1260 | D:2      | Found a shattered altar of Ashenzari.
  1266 | D:2      | Found a hazy altar of Hepliaklqana.
  1278 | D:2      | Reached skill level 4 in Stealth
  1282 | D:2      | Became a worshipper of Hepliaklqana the Forgotten
  1437 | D:2      | Found a sacrificial altar of Ru.
  1632 | D:3      | Noticed a scorpion
  1641 | D:3      | Killed a scorpion
  1641 | D:3      | Reached XP level 4. HP: 29/33 MP: 3/3
  1939 | D:3      | Reached skill level 3 in Throwing
  1939 | D:3      | Reached skill level 2 in Shields
  1939 | D:3      | Reached XP level 5. HP: 22/37 MP: 4/4
  2102 | D:3      | Reached skill level 1 in Invocations
  2109 | D:3      | Reached skill level 3 in Short Blades
  2673 | D:4      | Reached skill level 5 in Stealth
  2797 | D:4      | Noticed a phantom
  2811 | D:4      | Killed a phantom
  2811 | D:4      | Reached XP level 6. HP: 39/45 MP: 4/6
  3294 | D:4      | Reached * piety under Hepliaklqana
  3431 | D:4      | Noticed Ijyb
  3433 | D:4      | Killed Ijyb
  3441 | D:4      | Found a stormy altar of Qazlal.
  3718 | D:5      | Entered Level 5 of the Dungeon
  3719 | D:5      | Reached XP level 7. HP: 50/50 MP: 7/7
  3917 | D:5      | Reached skill level 2 in Invocations
  3943 | D:5      | Reached skill level 3 in Shields
  4129 | D:5      | Reached skill level 6 in Stealth
  4144 | D:5      | Reached skill level 4 in Short Blades
  4383 | D:5      | Reached skill level 4 in Shields
  4485 | D:5      | Reached skill level 4 in Throwing
  5019 | D:5      | Reached XP level 8. HP: 41/55 MP: 8/8
  5601 | D:5      | Reached skill level 3 in Invocations
  5816 | D:5      | Found a glowing golden altar of the Shining One.
  6272 | D:6      | Found a sand-covered staircase.
  6277 | Ossuary  | Entered an ossuary
  6304 | Ossuary  | Reached skill level 7 in Stealth
  6314 | Ossuary  | Reached skill level 5 in Shields
  6377 | Ossuary  | Reached skill level 5 in Throwing
  6579 | Ossuary  | Reached skill level 5 in Short Blades
  6793 | D:6      | Reached ** piety under Hepliaklqana
  6794 | D:6      | Remembered your ancestor Aylmer as a hexer
  6796 | D:6      | Noticed mcbry's ghost (novice TrCK)
  6816 | D:6      | Got a transparent leather armour
  7421 | D:6      | Found a staircase to the Ecumenical Temple.
  7514 | D:6      | Reached XP level 9. HP: 61/61 MP: 10/10
  7598 | D:6      | Reached skill level 4 in Invocations
  7640 | D:7      | Learned a level 1 spell: Apportation
  7643 | D:7      | Learned a level 2 spell: Ensorcelled Hibernation
  7647 | D:7      | Learned a level 3 spell: Confuse
  7933 | D:8      | Reached skill level 8 in Stealth
  8014 | D:8      | Reached skill level 6 in Throwing
  8030 | D:8      | Learned a level 1 spell: Animate Skeleton
  8102 | D:7      | Reached skill level 6 in Short Blades
  8258 | D:7      | Reached skill level 5 in Invocations
  8806 | D:7      | Reached skill level 9 in Stealth
  8806 | D:7      | Reached XP level 10. HP: 62/66 MP: 12/12
  9719 | D:8      | Got a dull robe
  9730 | D:8      | Identified the cursed +0 robe "Nymoxait" {*Drain +Fly rN+ Regen+} (You found it on level 8 of the Dungeon)
  9842 | D:8      | Found Lepigy's Assorted Antiques.
  9847 | D:8      | Bought a scroll labeled VOPIAPHOM EKKE for 28 gold pieces
  9847 | D:8      | Bought a scroll labeled MOTETZ LISERAZ for 28 gold pieces
  9847 | D:8      | Bought a scroll labeled COSTRE JUZOA for 28 gold pieces
  9847 | D:8      | Bought a white potion for 25 gold pieces
 10226 | D:9      | Reached skill level 7 in Throwing
 10253 | D:9      | Found a staircase to the Lair.
 10260 | D:9      | Reached *** piety under Hepliaklqana
 10283 | D:9      | Found Picosuip's Serpentskin Sales.
 10287 | D:9      | Reached skill level 7 in Short Blades
 10301 | D:9      | Bought 6 poisoned tomahawks for 84 gold pieces
 10301 | D:9      | Bought 3 poisoned tomahawks for 42 gold pieces
 10323 | D:9      | Found a flagged portal.
 10347 | Bailey   | Entered a bailey
 10511 | Bailey   | Reached skill level 6 in Invocations
 11080 | Lair:1   | Entered Level 1 of the Lair of Beasts
 11271 | D:9      | Reached skill level 10 in Stealth
 11356 | D:9      | Noticed Joseph
 11359 | D:9      | Killed Joseph
 11720 | D:10     | Entered Level 10 of the Dungeon
 11809 | D:9      | Reached skill level 3 in Fighting
 11809 | D:9      | Reached skill level 2 in Dodging
 11809 | D:9      | Reached XP level 11. HP: 59/73 MP: 14/14
 11863 | D:9      | Reached skill level 8 in Short Blades
 12084 | D:10     | Reached **** piety under Hepliaklqana
 12084 | D:10     | Noticed a two-headed ogre
 12116 | D:10     | Killed a two-headed ogre
 12165 | D:10     | Noticed Shinoi's ghost (journeyman DsFi)
 12324 | D:10     | Found a staircase to the Orcish Mines.
 12608 | D:10     | Reached skill level 8 in Throwing
 12873 | Lair:1   | Reached skill level 3 in Dodging
 13314 | D:9      | Reached skill level 7 in Invocations
 13321 | D:9      | Reached skill level 4 in Fighting
 13491 | Lair:1   | Got a bloodstained plate armour
 14073 | Lair:1   | Reached skill level 11 in Stealth
 14226 | Lair:1   | Reached skill level 4 in Dodging
 14309 | Lair:2   | Noticed Dominolapin's ghost (journeyman BaIE)
 14423 | Lair:1   | Reached skill level 5 in Fighting
 14423 | Lair:1   | Reached skill level 9 in Short Blades
 14486 | Lair:1   | Gained mutation: Your system is resistant to poisons. (rPois) [potion of mutation]
 14486 | Lair:1   | Gained mutation: You possess an exceptional clarity of mind. [potion of mutation]
 14486 | Lair:1   | Gained mutation: Scrolls take you a little longer to read. [potion of mutation]
 14486 | Lair:1   | Gained mutation: Your flesh is cold resistant. (rC+) [potion of mutation]
 14619 | D:9      | Identified 2 scrolls of acquirement {bailey}
 14901 | Lair:1   | Reached XP level 12. HP: 40/84 MP: 16/16
 15318 | Lair:2   | Noticed Urug
 15355 | Lair:2   | Killed Urug
 15600 | Lair:2   | Reached skill level 5 in Dodging
 16021 | Lair:2   | Reached skill level 9 in Throwing
 16167 | Lair:2   | Killed Dominolapin's ghost
 16167 | Lair:2   | Reached skill level 6 in Fighting
 16520 | Lair:2   | Reached ***** piety under Hepliaklqana
 17081 | Lair:3   | Noticed a five-headed hydra
 17091 | Lair:3   | Killed a five-headed hydra
 17215 | Lair:3   | Found a staircase to the Snake Pit.
 17353 | Lair:3   | Reached skill level 12 in Stealth
 17464 | Lair:3   | Found a staircase to the Swamp.
 17513 | Lair:3   | Reached skill level 6 in Dodging
 17742 | Lair:3   | Reached skill level 10 in Short Blades
 17853 | Lair:4   | Noticed a seven-headed hydra
 17938 | Lair:3   | Noticed a four-headed hydra
 17951 | Lair:3   | Killed a four-headed hydra
 17983 | Lair:4   | Noticed an eight-headed hydra
 18043 | Lair:3   | Upgraded the game from 0.20.0-10-g0535bb4 to 0.20.0-14-g326068f
 18090 | Lair:4   | Killed a seven-headed hydra
 18090 | Lair:4   | Reached skill level 7 in Fighting
 18433 | Lair:4   | Reached XP level 13. HP: 54/94 MP: 17/17
 18922 | Lair:5   | Reached ****** piety under Hepliaklqana
 19063 | Lair:5   | Reached skill level 10 in Throwing
 19179 | Lair:5   | Reached skill level 7 in Dodging
 19778 | Lair:3   | Reached skill level 8 in Fighting
 19912 | Lair:6   | Entered Level 6 of the Lair of Beasts
 20057 | Lair:6   | Reached skill level 13 in Stealth
 20176 | Lair:6   | Found a frozen archway.
 20238 | IceCv    | Entered an ice cave
 20238 | IceCv    | Noticed Soyweiser's ghost (journeyman SpEn)
 20280 | IceCv    | Reached skill level 11 in Short Blades
 20284 | IceCv    | Killed Soyweiser's ghost
 20288 | IceCv    | Found a transporter.
 20486 | Lair:6   | Reached skill level 8 in Dodging
 20503 | Lair:6   | Found a runed door.
 21153 | Lair:5   | Reached skill level 9 in Fighting
 21185 | Lair:5   | Reached XP level 14. HP: 79/106 MP: 18/18
 21646 | Lair:6   | Found a viscous altar of Jiyva.
 21646 | Lair:6   | Noticed an acid blob
 21648 | Lair:6   | Found a staircase to the Slime Pits.
 21648 | Lair:6   | Noticed an acid blob
 21648 | Lair:6   | Noticed an acid blob
 21865 | Lair:6   | Learned a level 2 spell: Passwall
 22104 | Orc:1    | Entered Level 1 of the Orcish Mines
 22563 | D:10     | Reached skill level 11 in Throwing
 23234 | Orc:2    | Entered Level 2 of the Orcish Mines
 23237 | Orc:2    | Found Ulass's Antique Weapon Boutique.
 23585 | Orc:2    | Found a radiant altar of Vehumet.
 23588 | Orc:2    | Found Nuczoy Alogu's Book Emporium.
 23589 | Orc:2    | Noticed an orc warlord
 23590 | Orc:2    | Paralysed by an orc sorcerer for 7 turns
 23595 | Orc:2    | Slain by an orc warrior

Skill      XL: |  1  2  3  4  5  6  7  8  9 10 11 12 13 14 |
---------------+-------------------------------------------+-----
Shields        | 1 2 4 5 |  5.7
Stealth        | 4 5 6 7 9 10 11 12 13 | 13.9
Throwing       | 3 4 5 6 7 8 9 10 11 | 11.1
Invocations    | 1 2 3 5 6 7 |  7.3
Short Blades   | 3 4 5 6 7 9 10 11 | 11.6
Fighting       | 3 5 7 9 |  9.4
Dodging        | 2 4 6 8 |  8.9

Action                   |  1- 3 |  4- 6 |  7- 9 | 10-12 | 13-15 || total
-------------------------+-------+-------+-------+-------+-------++-------
Melee: Dagger            |    89 |   142 |   532 |   931 |       ||  1694
       Headbutt          |    10 |    17 |   132 |   289 |   263 ||   711
       Quick blade       |       |       |       |   260 |   978 ||  1238
 Fire: Blowgun           |     3 |     5 |     1 |     4 |     4 ||    17
Throw: Stone             |       |       |     3 |       |       ||     3
       Tomahawk          |       |       |       |    52 |    81 ||   133
       Throwing net      |       |       |       |     5 |       ||     5
       Javelin           |       |       |       |     4 |       ||     4
 Cast: Ensorcelled Hiber |       |       |       |     4 |       ||     4
       Apportation       |       |       |       |     1 |       ||     1
Invok: Renounce Religion |     1 |       |       |       |       ||     1
       Recall Ancestor   |       |     1 |     2 |     6 |     6 ||    15
       Ancestor Life: He |       |       |     1 |       |       ||     1
       Idealise          |       |       |       |     1 |     1 ||     2
       Transference      |       |       |       |     1 |       ||     1
Evoke: Wand              |       |       |     8 |     1 |       ||     9
  Use: Scroll            |       |       |       |    18 |     2 ||    20
       Potion            |       |       |       |     3 |     1 ||     4
 Stab: Sleeping          |     6 |     7 |    12 |    29 |    11 ||    65
       Confused          |       |       |     3 |     6 |     8 ||    17
       Distracted        |       |       |     2 |     6 |     6 ||    14
       Held in net/web   |       |       |       |     1 |       ||     1
       Petrifying        |       |       |       |       |     2 ||     2
       Petrified         |       |       |       |       |     2 ||     2
       Paralysed         |       |       |       |       |     3 ||     3
  Eat: Chunk             |     2 |     7 |    17 |    22 |    15 ||    63
       Royal jelly       |       |       |     1 |       |     1 ||     2
       Fruit             |       |       |     1 |       |       ||     1
       Bread ration      |       |       |       |     2 |       ||     2
Armor: Robe              |    18 |    15 |    59 |   110 |    46 ||   248
Dodge: Dodged            |    40 |    45 |   194 |   389 |   245 ||   913
Block: Buckler           |    11 |    21 |   100 |   198 |    89 ||   419
